 Dungeon Crawl Stone Soup version 0.29.0-4-gdea44cf6ec (webtiles) character file.

Game seed: 16910263331751213626

0 qw the Sneak (level 1, 0/14 HPs)
             Began as a Ghoul Enchanter on Sept 8, 2022.
             Slain by a goblin
             ... wielding a +0 dagger
              (2 damage)
             ... on level 1 of the Dungeon.
             The game lasted 00:00:04 (112 turns).

qw the Sneak (Ghoul Enchanter)                       Turns: 112, Time: 00:00:04

Health: 0/14       AC:  2    Str: 11    XL:     1   Next: 10%
Magic:  2/2        EV: 12    Int: 10    God:
Gold:   0          SH:  0    Dex:  9    Spells: 3/3 levels left

rFire   . . .      SeeInvis .   d - +0 club
rCold   + . .      Faith    .   (no shield)
rNeg    + + +      Spirit   .   b - +0 robe
rPois   inf        Reflect  .   (no helmet)
rElec   .          Harm     .   (no cloak)
rCorr   .          Rampage  .   (no gloves)
Will    .....                   (no boots)
Stlth   ++........              (no amulet)
HPRegen 0.00/turn               (no ring)
MPRegen 0.08/turn               (no ring)

@: inhibited regen
A: claws 1, cold resistance 1, negative energy resistance 3, inhibited
regeneration, torment resistance 2, devour on kill
a: no special abilities


You were on level 1 of the Dungeon.
You visited 1 branch of the dungeon, and saw 1 of its levels.


Innate Abilities, Weirdness & Mutations

You are immune to poison.
You have sharp fingernails.
Your flesh is cold resistant. (rC+)
You are immune to negative energy. (rN+++)
You do not regenerate when monsters are visible.
You are immune to unholy pain and torment.
You thrive by killing the living.


   Skills:
 - Level 0.8 Short Blades
 + Level 0.1 Axes
 - Level 1.7 Dodging
 - Level 3.2 Stealth
 - Level 1.7 Spellcasting
 - Level 2.4 Hexes


You had 3 spell levels left.
You didn't know any spells.
Your spell library contained the following spells:

 Spells                   Type           Power      Damage    Failure   Level
 Ensorcelled Hibernation  Hex/Ice        6%         N/A       30%         2
 Confusing Touch          Hex            5%         N/A       34%         3
 Tukima's Dance           Hex            5%         N/A       34%         3
 Dazzling Flash           Conj/Hex       6%         N/A       52%         3

Inventory:

Hand Weapons
 d - a +0 club (weapon)
Armour
 b - a +0 robe (worn)
Potions
 c - 2 potions of invisibility

Dungeon Overview and Level Annotations

Branches:
Dungeon (1/15)

Altars:


Message History

The jackal moves out of view.
100 ||| Stepping ~*~*~tactically~*~*~ (stealth).
A goblin comes into view. It is wielding a +0 dagger.
You hit the jackal but do no damage. The jackal misses you.
The jackal bites you.
You hit the jackal.
The jackal is moderately wounded.
The jackal bites you. The jackal misses you.
You hit the jackal but do no damage.
The jackal is moderately wounded.
The jackal closely misses you.
A quokka comes into view.
The jackal barely misses you.
You hit the jackal.
The jackal is severely wounded.
The jackal barely misses you. The jackal misses you.
You barely miss the jackal.
The jackal is severely wounded.
A jackal comes into view.
The jackal misses you. x2
The jackal barks!
You hit the jackal but do no damage.
The jackal is severely wounded.
The jackal barely misses you. The goblin closely misses you.
You hit the jackal but do no damage.
The jackal is heavily wounded.
A jackal comes into view.
The jackal bites you but does no damage.
The goblin misses you. The jackal bites you. The quokka closely misses you.
You miss the jackal.
The jackal is heavily wounded.
The jackal barely misses you.
A rat comes into view.
The goblin misses you. The quokka bites you. The goblin barely misses you.
A kobold comes into view. It is wielding a +0 club.
You closely miss the jackal.
The jackal is moderately wounded.
The jackal barely misses you. The quokka bites you. The jackal misses you.
The goblin hits you with a +0 dagger.
You die...

w..........#####.####
.Kh.......# #.# ##
#w........# #.# #.
#..r......# ##.###.
#.........# #.)....
#.........# ######.
#.........# #.
#.rhg.....##### #.
#..@h....%....# #.
######........# #.
#........# #.
#........# #........#
#........# #........#
#........# #........#


You could see a dart slug, a quokka, 3 jackals, a goblin, a kobold (wandering)
and a rat.

Vanquished Creatures
  A rat (D:1)
1 creature vanquished.

Notes
Turn   | Place    | Note
-------+----------+-------------------------------------------
     0 | D:1      | qw the Ghoul Enchanter began the quest for the Orb.
     0 | D:1      | Reached XP level 1. HP: 14/14 MP: 2/2
     0 | D:1      | 0 ||| qw: Version: 0.1-a-112-g44dc6cd
     0 | D:1      | 0 ||| qw: Game counter: 6760
     0 | D:1      | 0 ||| qw: Always use a shield: true
     0 | D:1      | 0 ||| qw: God list: Okawaru
     0 | D:1      | 0 ||| qw: Allow faded altars: false
     0 | D:1      | 0 ||| qw: Do Orc after D:15 true
     0 | D:1      | 0 ||| qw: Do second Lair branch before Depths: true
     0 | D:1      | 0 ||| qw: Lair rune preference: random
     0 | D:1      | 0 ||| qw: Plans: Normal
     0 | D:1      | 0 ||| PLANNING D:1-11
    43 | D:1      | 43 ||| SWAPPING to +0 club.
    44 | D:1      | 44 ||| DROPPING +1 dagger.
   100 | D:1      | 100 ||| Stepping ~*~*~tactically~*~*~ (stealth).
   112 | D:1      | HP: 2/14 [quokka (2)]
   112 | D:1      | Slain by a goblin

Levels and vault maps discovered:
D:1:      doesnt_arrival_eight_statues, layout_basic,
          ebering_ecumenical_altar_box, serial_shops,
          nicolae_shop_bloodbath_and_beyond

Action                   || total
-------------------------++-------
Melee: Club              ||    10
Armor: Robe              ||     1
Dodge: Dodged            ||    17

Table legend:
 A = Non-vault XP
 B = Vault XP
 C = Vault XP percentage of total XP
 D = Non-vault monster count
 E = Vault monster count
 F = Vault count percentage of total count
                 A         B        C        D         E       F
            +---------+---------+-------+---------+---------+-------
      Total |       1 |       0 |   0.0 |       1 |       0 |   0.0
            +---------+---------+-------+---------+---------+-------
        D:1 |       1 |       0 |   0.0 |       1 |       0 |   0.0
            +---------+---------+-------+---------+---------+-------
